 Dungeon Crawl Stone Soup version 0.26-a0-579-g3afe4966bf (webtiles) character file.

Game seed: 17130527845471208036

75 LadyOphelia the Covered (level 4, -11/42 HPs)
             Began as a Deep Dwarf Fighter on Aug 22, 2020.
             Killed by divine providence
             ... invoked by an orc priest
              (12 damage)
             ... on level 3 of the Dungeon.
             The game lasted 00:07:16 (1616 turns).

LadyOphelia the Covered (Deep Dwarf Fighter)        Turns: 1616, Time: 00:07:17

Health: -11/42     AC:  7    Str: 21    XL:     4   Next: 11%
Magic:  4/4        EV:  7    Int:  8    God:
Gold:   101        SH:  9    Dex: 12    Spells: 3/3 levels left

rFire    . . .     SeeInvis .   a - +0 war axe
rCold    . . .     Faith    .   c - +0 kite shield
rNeg     . . .     Spirit   .   b - +0 scale mail
rPois    .         Reflect  .   (no helmet)
rElec    .         Harm     .   (no cloak)
rCorr    .                      (no gloves)
MR       .....                  (no boots)
Stlth    ..........             (no amulet)
HPRegen  0.00/turn              (no ring)
MPRegen  0.09/turn              (no ring)

@: non-regenerating
A: damage resistance, heal wounds, sense surroundings 1, no regeneration
a: Heal Wounds


You were on level 3 of the Dungeon.
You visited 1 branch of the dungeon, and saw 3 of its levels.

You collected 101 gold pieces.

Inventory:

Hand Weapons
 a - a +0 war axe (weapon)
Armour
 b - a +0 scale mail (worn)
 c - a +0 kite shield (worn)
Jewellery
 f - a cursed amulet of inaccuracy
 g - an uncursed ring of poison resistance {unknown}
 l - a +6 ring of intelligence {unknown}
Scrolls
 e - a scroll of fear {unknown}
 i - 2 scrolls of fog {unknown}
 j - 2 scrolls of remove curse
 k - a scroll of teleportation {unknown}
 m - a scroll of noise {unknown}
Potions
 d - 2 potions of might
 h - a potion of haste {unknown}


   Skills:
 * Level 3.1 Fighting
 * Level 3.2 Axes
 + Level 4.2 Armour
 + Level 3.6 Shields


You had 3 spell levels left.
You didn't know any spells.
Your spell library was empty.

Dungeon Overview and Level Annotations

Branches:
Dungeon (3/15)

Altars:
Ashenzari
Elyvilon
Okawaru


Innate Abilities, Weirdness & Mutations

You are resistant to damage.
You can heal yourself by infusing magical energy.
You passively map a small area around you.
You do not regenerate.


Message History

You barely miss the orc wizard. You block the orc priest's attack.
The orc wizard hits you with a +0 dagger.
* * * LOW HITPOINT WARNING * * *
The orc wizard points at you and mumbles some strange words.
The puff of flame hits you!
* * * LOW HITPOINT WARNING * * *
The orc priest hits you but does no damage.
The orc wizard hits you but does no damage. x2
You closely miss the orc priest. You hit the orc wizard.
You barely miss the orc wizard.
The orc priest calls down the wrath of Beogh upon you.
You struggle to resist.
The orc wizard barely misses you.
The orc wizard hits you with a +0 dagger.
You slash the orc priest!
The orc priest is severely wounded.
Your shield and scale mail prevent you from hitting the orc wizard.
You closely miss the orc wizard.
The orc priest invokes the aid of Beogh against you.
Beogh smites you!
You die...

, ,,.. * ,.. ,
.####### , ......
, , #....# *
#!...# * * *
#.?o.# , , *
#.o@o# .... *
#.?..# #.....
#....# #.....*
#....#
##.....####....#
*...........#.###
...........#.# ,
..........<#.#
.........).#.#


You could see an orc priest and 2 orc wizards.

Vanquished Creatures
  A gnoll (D:1)
  3 adders (D:2)
  3 worms (D:2)
  A dart slug (D:1)
  A ball python (D:1)
  3 hobgoblins
  A quokka (D:3)
  4 bats
  4 frilled lizards
  5 goblins
  5 kobolds
  2 rats (D:2)
33 creatures vanquished.

Notes
Turn   | Place    | Note
-------+----------+-------------------------------------------
     0 | D:1      | LadyOphelia the Deep Dwarf Fighter began the quest for the
                  | Orb.
     0 | D:1      | Reached XP level 1. HP: 20/20 MP: 1/1
    61 | D:1      | Reached XP level 2. HP: 12/27 MP: 2/2
  1052 | D:2      | Reached XP level 3. HP: 9/34 MP: 3/3
  1093 | D:2      | Reached skill level 4 in Armour
  1324 | D:2      | Reached XP level 4. HP: 13/42 MP: 4/4
  1447 | D:2      | Found a faded altar of an unknown god.
  1447 | D:2      | Found a white marble altar of Elyvilon.
  1452 | D:2      | Found a faded altar of an unknown god.
  1454 | D:2      | Found an iron altar of Okawaru.
  1455 | D:2      | Found a shattered altar of Ashenzari.
  1614 | D:3      | HP: 1/42 [orc wizard/puff of flame (8)]
  1616 | D:3      | Killed from afar by an orc priest

Illustrated notes

Levels and vault maps discovered:
D:1:      dpeg_arrival_shelter, layout_loops_corners
D:2:      layout_basic, chequers_temple_overflow_minitemple
D:3:      layout_basic, grunt_temple_overflow_growth_and_decay

Skill      XL: |  1  2  3 |
---------------+----------+-----
Fighting       | 3 |  3.1
Armour         | 4 |  4.2
Axes           | 3 |  3.2
Shields        | |  3.6

Action                   |  1- 3 |  4- 6 || total
-------------------------+-------+-------++-------
Melee: War axe           |    81 |    20 ||   101
  Use: Scroll            |     2 |       ||     2
       Potion            |     3 |       ||     3
Armor: Scale mail        |    25 |     9 ||    34
Dodge: Dodged            |    30 |     8 ||    38
Block: Kite shield       |    45 |    12 ||    57

Table legend: (Time is in decaauts)
 A = Elapsed time spent in this place.
 B = Non-inter-level travel time spent in this place.
 C = Inter-level travel time spent in this place.
 D = Time resting spent in this place.
 E = Time spent auto-exploring this place.
 F = Levels seen in this place.
 G = Mean time per level.
                   A        B        C        D        E       F      G
               +--------+--------+--------+--------+--------+-----+--------+
         Total |   1660 |   1651 |      9 |    241 |   1045 |   3 |  553.3 |
       Dungeon |   1660 |   1651 |      9 |    241 |   1045 |   3 |  553.3 |
               +--------+--------+--------+--------+--------+-----+--------+

Top non-repeatable levels by time:
     D:1: 1064 daAuts
     D:2: 554 daAuts
     D:3: 41 daAuts
